 Dungeon Crawl Stone Soup version 0.19-a0-1225-gf887c1c (webtiles) character file.

1432 Ryco the Ruffian (level 8, -6/79 HPs)
             Began as a Troll Monk on Aug 25, 2016.
             Was a Believer of the Shining One.
             Mangled by Gastronok (31 damage)
             ... on level 8 of the Dungeon.
             The game lasted 00:13:44 (1545 turns).

Ryco the Ruffian (Troll Monk)                       Turns: 1545, Time: 00:13:45

Health: -6/79      AC:  7    Str: 22    XL:     8   Next: 45%
Magic:  8/9        EV: 12    Int:  6    God:    the Shining One [**....]
Gold:   128        SH:  8    Dex: 12    Spells: 0 memorised, 7 levels left

rFire  . . .     SeeInvis .       - Unarmed
rCold  . . .     Gourm    +     v - +2 robe {rN+}
rNeg   + + .     Faith    .     (no shield)
rPois  .         Spirit   .     (helmet restricted)
rElec  .         Dismiss  .     (no cloak)
rCorr  .         Reflect  .     (gloves unavailable)
MR     .....     Harm     .     (boots unavailable)
Stlth  +.........               (no amulet)
                                (no ring)
                                (no ring)

@: divine shield, slowed, glowing, very slow
A: unfitting armour, claws 3, fast metabolism 3, gourmand, regeneration 1,
shaggy fur 1, tough skin 2
a: Divine Shield, Renounce Religion


You were on level 8 of the Dungeon.
You worshipped the Shining One.
The Shining One was pleased with you.
You were not hungry.

You visited 1 branch of the dungeon, and saw 8 of its levels.
You also visited: Sewer.

You collected 128 gold pieces.

Inventory:

Missiles
 q - 5 javelins (quivered)
Armour
 v - a +2 robe of positive energy (worn)
Scrolls
 a - a scroll of enchant armour {unknown}
 e - 2 scrolls of teleportation
 f - 2 scrolls of immolation {unknown}
 g - 2 scrolls of identify {unknown}
 i - a scroll of fear {unknown}
 k - 3 scrolls of remove curse {unknown}
 m - a scroll of blinking {unknown}
 o - 2 scrolls of recharging {unknown}
 p - a scroll of magic mapping {unknown}
 t - a scroll of acquirement {unknown}
 x - a scroll of enchant weapon {unknown}
Potions
 c - a potion of degeneration {unknown}
 d - a potion of brilliance {unknown}
 j - a potion of haste {unknown}
 l - 2 potions of heal wounds {unknown}
 n - a potion of agility {unknown}
 r - a potion of might {unknown}
 s - a potion of magic {unknown}
 u - 2 potions of curing {unknown}
 w - a potion of mutation {unknown}
Comestibles
 b - 4 bread rations
 h - a meat ration
 z - a chunk of flesh


   Skills:
 + Level 4.4 Fighting
 + Level 2.5 Throwing
 + Level 5.4 Dodging
 - Level 1.1 Stealth
 + Level 6.1 Unarmed Combat
 * Level 3.4 Invocations


You had 7 spell levels left.
You didn't know any spells.

Dungeon Overview and Level Annotations

Branches:
Dungeon (8/15)
 Temple: D:4-7         Lair: D:8-11

Altars:
Dithmenos
Elyvilon
Makhleb
Nemelex Xobeh
Yredelemnul
The Shining One

Annotations:
D:8 Gastronok


Innate Abilities, Weirdness & Mutations

You are too large for most types of armour.
You have claws for hands.
Your metabolism is lightning-fast.
You like to eat raw meat.
Your natural rate of healing is unusually fast.
You are covered in fur. (AC +1)
You have very tough skin. (AC +2)


Message History

Gastronok puts on a burst of speed!
You claw Gastronok!
Gastronok is moderately wounded.
The rat bites you but does no damage. The rat misses you. Gastronok bites you!!
You scratch Gastronok but do no damage.
Gastronok is moderately wounded.
You block the rat's attack.
You mangle Gastronok!!
Gastronok is heavily wounded.
You block the rat's attack. Gastronok bites you! The rat completely misses you.
You mangle Gastronok!!
Gastronok is severely wounded.
You block the rat's attack. Gastronok bites you!
You scratch Gastronok.
Gastronok is severely wounded.
You block the rat's attack.
You mangle Gastronok!!
Gastronok is severely wounded.
You block the rat's attack. Gastronok bites you!!
You die...

#.. ##.#. ..
... #.#####.#
#......<#
#..####.#
#.....>.#
#####.######.
#.....r......
#.###@######.
#w# #.# #..
###


You could see Gastronok and a rat.

Vanquished Creatures
  Pikel (D:7)
  Duvessa (D:7)
  A phantom (D:7)
  5 big kobolds (Sewer)
  Dowan (D:7)
  A crimson imp (D:7)
  A centaur zombie (D:7)
  A hound (D:7)
  A centaur skeleton (D:7)
  2 worker ants
  7 adders
  5 river rats
  A shadow imp (D:3)
  4 oozes
  A dart slug (D:3)
  2 giant geckos
  3 orcs
  3 bats (D:2)
  4 giant cockroaches
  2 goblins
  A hobgoblin (D:1)
  4 jackals (D:2)
  5 ball pythons
  2 giant newts
  5 kobolds (Sewer)
  7 rats
71 creatures vanquished.

Vanquished Creatures (others)
  4 jackals (D:7)
4 creatures vanquished.

Grand Total: 75 creatures vanquished

Notes
Turn   | Place    | Note
-------+----------+-------------------------------------------
     0 | D:1      | Ryco the Troll Monk began the quest for the Orb.
     0 | D:1      | Reached XP level 1. HP: 22/22 MP: 0/0
    82 | D:2      | Reached XP level 2. HP: 26/29 MP: 1/1
   189 | D:3      | Reached XP level 3. HP: 36/36 MP: 2/2
   299 | D:4      | Found a basalt altar of Yredelemnul.
   303 | D:4      | Found a glowing golden altar of the Shining One.
   305 | D:4      | Noticed an angel
   311 | D:4      | Became a worshipper of the Shining One
   311 | D:4      | Reached * piety under the Shining One
   311 | D:4      | Reached ** piety under the Shining One
   396 | D:4      | Reached XP level 4. HP: 41/45 MP: 3/3
   411 | D:4      | Found a shadowy altar of Dithmenos.
   438 | D:4      | Reached skill level 4 in Unarmed Combat
   448 | D:4      | Found a glowing drain.
   507 | D:5      | Entered Level 5 of the Dungeon
   642 | D:5      | Found a glowing drain.
   647 | Sewer    | Entered a sewer
   670 | Sewer    | Reached XP level 5. HP: 51/53 MP: 4/4
   881 | Sewer    | Reached XP level 6. HP: 61/61 MP: 5/5
   932 | Sewer    | Reached skill level 1 in Invocations
  1048 | Sewer    | Reached skill level 1 in Throwing
  1048 | Sewer    | Reached skill level 5 in Unarmed Combat
  1048 | Sewer    | Reached XP level 7. HP: 64/67 MP: 7/7
  1327 | D:7      | Noticed Dowan
  1331 | D:7      | Noticed Duvessa
  1345 | D:7      | Killed Duvessa
  1345 | D:7      | Reached skill level 5 in Dodging
  1348 | D:7      | Killed Dowan
  1399 | D:7      | Noticed Pikel
  1413 | D:7      | Killed Pikel
  1413 | D:7      | Reached skill level 6 in Unarmed Combat
  1413 | D:7      | Reached XP level 8. HP: 59/79 MP: 4/9
  1442 | D:7      | Found a white marble altar of Elyvilon.
  1447 | D:7      | Found a burning altar of Makhleb.
  1461 | D:7      | Found a sparkling altar of Nemelex Xobeh.
  1529 | D:8      | Noticed Gastronok
  1545 | D:8      | Mangled by Gastronok

Vault maps used:
D:1:      dpeg_arrival_simpleton_a, serial_bayou_pond_b, minivault_27,
          serial_park_tiny_2, minivault_19, minivault_26
D:2:      st_stairs_3, kennysheep_generic_room_6, uniq_sigmund
D:4:      grunt_temple_overflow_holy_war, kennysheep_mini_moat,
          portal_sewer_entry_b, first_bread
D:5:      overflow_temple_1_default, serial_shops, shop,
          lightli_sewer_entry_pipes, grunt_gozag_breadcrumbs
D:6:      amethyst_overflow_temple_binary, dancing_weapons_uskayaw,
          kennysheep_small_spiral, uniq_edmund
D:7:      kennysheep_vampire_church, minitemple, serial_bayou_pond_a,
          uniq_pikel, uniq_duvessa
D:8:      uniq_gastronok
Sewer:    sewer_co_tree

Skill      XL: |  1  2  3  4  5  6  7 |
---------------+----------------------+-----
Dodging        | 3 4 5 |  5.4
Fighting       | 3 4 |  4.4
Unarmed Combat | 4 5 6 |  6.1
Invocations    | 1 3 |  3.4
Throwing       | 1 2 |  2.5
Stealth        | |  1.1

Action                   |  1- 3 |  4- 6 |  7- 9 || total
-------------------------+-------+-------+-------++-------
Melee: Unarmed           |    55 |    83 |    65 ||   203
       Punch             |       |     2 |     1 ||     3
Throw: Javelin           |       |    16 |       ||    16
Invok: Divine Shield     |       |       |     3 ||     3
  Use: Scroll            |       |       |     1 ||     1
  Eat: Chunk             |       |     7 |     5 ||    12
       Meat ration       |       |     1 |       ||     1
Armor: Robe              |    30 |    19 |    17 ||    66
Dodge: Dodged            |    36 |    47 |    27 ||   110
Block: Other             |       |       |    11 ||    11
